Description

This opening is a Proxy gate. Against a standard reaper expand, you will be able to do many damage and kill the opponent. This replay comes from MaxPax.

After opening with this pressure, you can switch to a standard colossus playstyle.

Notes :

  • Send directly a probe close to the terran's base.
  • Keep all your chronoboost for the gate.
  • First pylon in your main for the cybernetic core.
  • First gateway on the proxy pylon.
  • 2 zealots then stalker.
  • A big thanks to MaxPax for this build order!

VOD

https://youtu.be/dKW3ZcjC2A8

Replay - MaxPax v soul - Ever Dream LE

Build Order

Get SALT Encoding   

  12  0:00  Probe  
  13  0:12  Probe  
  14  0:18  Pylon  
  14  0:25  Probe  
  15  0:33  Pylon  
  15  0:37  Probe  
  16  0:49  Probe  
  17  0:51  Gateway  
  17  1:00  Assimilator  
  17  1:01  Probe  
  18  1:13  Probe  
  19  1:25  Probe  
  20  1:30  Zealot  
  20  1:38  Cybernetics Core  
  22  1:49  Zealot  
  22  1:51  Nexus  
  22  2:00  Probe  
  25  2:06  Stalker, Assimilator  
  25  2:12  Probe  
  27  2:24  Shield Battery  
  28  2:38  Stalker  
Spawning Tool Build Advisor. Get it on Overwolf

Go to:

Details

  • Created by: zuka      
  • Published on: Jul 13, 2020
  • Modified on: Jul 13, 2020
  • Patch: 4.11.0
  • Difficulty: Medium
Show
View Real Time Build Order
Export as new Build Order

Comments (0)

There are no comments. Be the first!

Create an account to comment!